 Dungeon Crawl Stone Soup version 0.20.0-15-g7f486f2 (webtiles) character file.

2872 Gargoyl the Chopper (level 9, 0/111 HPs)
             Began as a Purple Draconian Abyssal Knight on June 28, 2017.
             Was a Priest of Lugonu.
             Slain by a two-headed ogre
             ... wielding a +0 giant club
              (1 damage)
             ... on level 7 of the Dungeon.
             The game lasted 00:15:56 (7868 turns).

Gargoyl the Chopper (DrAK)                          Turns: 7868, Time: 00:15:57

Health: 0/111      AC: 31    Str: 16    XL:     9   Next: 47%
Magic:  9/13       EV:  2    Int: 12    God:    Lugonu [***...]
Gold:   327        SH:  0    Dex: 13    Spells: 8/8 levels left

rFire    + . .     SeeInvis .   a - +2 hand axe (protect)
rCold    . . .     Gourm    .   (no shield)
rNeg     + + +     Faith    .   (armour unavailable)
rPois    +         Spirit   .   (helmet currently unavailable)
rElec    .         Reflect  .   (cloak currently unavailable)
rCorr    +         Harm     .   (gloves currently unavailable)
MR       +....     NoTele   +   (boots currently unavailable)
Stlth    +++.......             (no amulet)
Regen    0.3/turn               s - ring of resist corrosion
MPRegen  0.2/turn               m - ring of protection from fire

@: tree-form, protection aura
A: (breathe power), unfitting armour, AC +7
a: Depart the Abyss, Bend Space, Banish, Renounce Religion


You were on level 7 of the Dungeon.
You worshipped Lugonu.
Lugonu was most pleased with you.
You were not hungry.
You were a tree.
You visited 1 branch of the dungeon, and saw 8 of its levels.
You visited the Abyss 1 time.

You collected 522 gold pieces.
You spent 195 gold pieces at shops.

Inventory:

Hand Weapons
 a - a +2 hand axe of protection (weapon)
Missiles
 e - 2 javelins (quivered)
Armour
 c - a +2 pair of boots (melded)
 o - a +1 cloak (melded)
Jewellery
 k - an uncursed ring of protection from cold
 m - a ring of protection from fire (right branch)
 s - a ring of resist corrosion (left branch)
Wands
 d - a wand of enslavement (13/24)
 l - a wand of flame (15/48)
Scrolls
 g - a scroll of fear
 n - 2 scrolls of remove curse
 u - 2 scrolls of magic mapping
 x - 2 scrolls of identify
 y - a scroll of amnesia {unknown}
 z - a scroll of fog {unknown}
 B - a scroll of teleportation {unknown}
 C - a scroll of recharging {unknown}
 D - a scroll of enchant weapon
Potions
 i - 4 potions of agility
 p - a potion of magic
 r - 2 potions of heal wounds {unknown}
 t - a potion of curing
 v - 2 potions of brilliance {unknown}
 w - a potion of haste
 A - a potion of invisibility {unknown}
 F - a potion of flight {unknown}
Comestibles
 b - 5 bread rations
 f - 6 royal jellies
 j - 3 meat rations
 q - a fruit


   Skills:
 + Level 5.3 Fighting
 + Level 7.7 Axes
 + Level 0.5 Throwing
 * Level 6.6 Dodging
 * Level 5.0 Stealth
 * Level 6.0 Invocations


You had 8 spell levels left.
You didn't know any spells.

Dungeon Overview and Level Annotations

Branches:
Dungeon (8/15)             Temple (0/1) D:4
   Lair: D:8-11

Altars:
Ashenzari
Cheibriados
Dithmenos
Gozag
Qazlal
Ru
Sif Muna
Xom

Shops:
D:6 *


Innate Abilities, Weirdness & Mutations

((You can breathe bolts of dispelling energy.))
((Your rich purple scales are hard. (AC +7)))
You cannot fit into any form of body armour.
((You are cold-blooded and may be slowed by cold attacks.))
((You have a pair of small antennae on your head.))
((You have razor-sharp toenails.))


Message History

The two-headed ogre hits you but does no damage. x2
The orc wizard mumbles some strange words.
The orc wizard flickers and vanishes!
Deactivating autopickup; reactivate with Ctrl-A.
You hit the two-headed ogre.
The two-headed ogre is almost dead.
The two-headed ogre hits you with a giant club!
* * * LOW HITPOINT WARNING * * *
The two-headed ogre barely misses you.
Okay, then.
Press: ? - help, Shift-Dir - straight line, f/p - two-headed ogre
Aim: a two-headed ogre, wielding two giant clubs (almost dead, chance to defeat MR: 71%)
The two-headed ogre struggles to resist.
You feel somewhat more hungry.
You can no longer corrupt the fabric of space.
Press: ? - help, Shift-Dir - straight line, f/p - two-headed ogre
Aim: a two-headed ogre, wielding two giant clubs (almost dead, chance to defeat MR: 71%)
You fail to use your ability.
The two-headed ogre hits you with a giant club.
You die...

############### #.............#
#.###########.# #.# #(# #.# ##>##
##.##########.#{##
#............###O#
#..##########.#.♣# ##### #..#
##.#.###...# #..# #.#...#.#.#
#..###########.###.#.#.#
#..............###.#.#.# ###
#..########..........#.########..
##.########.######.##.#..........
#..........# ###.#.###.........
#.########## #......#....#####.


You could see a two-headed ogre.

Vanquished Creatures
  The ghost of loom the Bolt Thrower, an amateur BaHu (D:4)
  Prince Ribbit (D:5)
  A water moccasin (D:8)
  2 orc warriors
  A sky beast (D:7)
  A black bear (D:5)
  An ogre (D:5)
  2 centaurs
  A big kobold (D:7)
  3 bullfrogs
  3 scorpions
  6 killer bees (D:7)
  4 crimson imps
  2 hounds
  2 jellies
  6 orc priests
  2 bullfrog skeletons
  An iguana (D:6)
  Jessica (D:2)
  3 orc wizards
  5 worker ants
  A hound skeleton (D:8)
  3 gnolls (D:3)
  5 adders
  A shadow imp (D:5)
  A worm (D:6)
  3 dart slugs
  4 leopard geckos
  34 orcs
  7 giant cockroaches
  2 goblins
  7 hobgoblins
  13 jackals
  5 quokkas
  4 ball pythons
  4 bats
  3 frilled lizards
  A jackal skeleton (D:8)
  8 kobolds
  A leopard gecko skeleton (D:4)
  6 rats
162 creatures vanquished.

Vanquished Creatures (others)
  2 orc warriors
2 creatures vanquished.

Grand Total: 164 creatures vanquished

Notes
Turn   | Place    | Note
-------+----------+-------------------------------------------
     0 | Abyss:1  | Gargoyl the Draconian Abyssal Knight began the quest for the Orb.
     0 | Abyss:1  | Reached XP level 1. HP: 19/19 MP: 2/2
    46 | Abyss:2  | Noticed a small abomination
    48 | D:1      | Escaped the Abyss
    53 | D:1      | Noticed an electric eel
    60 | D:1      | Noticed an electric eel
   484 | D:1      | Reached * piety under Lugonu
   484 | D:1      | Reached XP level 2. HP: 22/26 MP: 3/3
   636 | D:1      | Reached skill level 1 in Stealth
   891 | D:2      | Reached XP level 3. HP: 30/31 MP: 4/4
  1157 | D:2      | Noticed Jessica
  1172 | D:2      | Killed Jessica
  1427 | D:3      | Found a shattered altar of Ashenzari.
  1427 | D:3      | Found a deep blue altar of Sif Muna.
  1457 | D:3      | Reached XP level 4. HP: 31/40 MP: 5/5
  1781 | D:3      | Found an opulent altar of Gozag.
  1914 | D:3      | Reached ** piety under Lugonu
  1914 | D:3      | Reached skill level 3 in Axes
  2267 | D:4      | Found a staircase to the Ecumenical Temple.
  2322 | D:4      | Reached XP level 5. HP: 43/46 MP: 7/7
  2534 | D:4      | Noticed loom's ghost (amateur BaHu)
  2598 | D:4      | Killed loom's ghost
  2598 | D:4      | Reached skill level 4 in Axes
  2598 | D:4      | Reached XP level 6. HP: 52/52 MP: 8/8
  3225 | D:5      | Entered Level 5 of the Dungeon
  3231 | D:5      | Found a shadowy altar of Dithmenos.
  3280 | D:5      | Your scales start taking on a rich purple colour.
  3280 | D:5      | Reached XP level 7. HP: 48/60 MP: 9/9
  3609 | D:5      | Found a shimmering altar of Xom.
  3612 | D:5      | Found a sacrificial altar of Ru.
  3615 | D:5      | Found a stormy altar of Qazlal.
  3816 | D:5      | Noticed Prince Ribbit
  3848 | D:5      | Killed Prince Ribbit
  3848 | D:5      | Reached skill level 5 in Axes
  4223 | D:5      | Reached *** piety under Lugonu
  4223 | D:5      | Reached XP level 8. HP: 64/67 MP: 11/11
  4912 | D:6      | Reached skill level 6 in Axes
  5143 | D:6      | Found a snail-covered altar of Cheibriados.
  5223 | D:6      | Found Duaps's General Store.
  5228 | D:6      | Bought a potion of curing for 45 gold pieces
  5228 | D:6      | Bought a potion of haste for 150 gold pieces
  5266 | D:6      | Reached skill level 5 in Dodging
  5596 | D:6      | Reached skill level 5 in Invocations
  5987 | D:7      | Reached skill level 5 in Fighting
  6243 | D:7      | Reached skill level 7 in Axes
  6287 | D:7      | Reached XP level 9. HP: 65/74 MP: 12/12
  6735 | D:8      | Reached **** piety under Lugonu
  6948 | D:7      | Gained mutation: You have sharp toenails. [mutagenic meat]
  6949 | D:7      | Gained mutation: You have a pair of small antennae on your head. [mutagenic meat]
  6950 | D:7      | Gained mutation: You have razor-sharp toenails. [mutagenic meat]
  7599 | D:8      | Reached skill level 5 in Stealth
  7792 | D:8      | Noticed a two-headed ogre
  7866 | D:7      | HP: 1/111 [two-headed ogre/giant club (14)]
  7868 | D:7      | Slain by a two-headed ogre

Skill      XL: |  1  2  3  4  5  6  7  8  9 |
---------------+----------------------------+-----
Stealth        | 1 2 3 4 5 |  5.0
Dodging        | 3 4 5 6 |  6.6
Axes           | 3 4 5 7 |  7.7
Fighting       | 4 5 |  5.3
Invocations    | 3 4 5 6 |  6.0
Throwing       | |  0.5

Action                   |  1- 3 |  4- 6 |  7- 9 || total
-------------------------+-------+-------+-------++-------
Melee: Hand axe          |    95 |   169 |   489 ||   753
       Tailslap          |     6 |    18 |    56 ||    80
Throw: Javelin           |       |     3 |     4 ||     7
Invok: Depart the Abyss  |     1 |       |       ||     1
       Banish            |       |       |     3 ||     3
       Bend Space        |       |       |     1 ||     1
 Abil: Breathe Dispellin |       |       |    29 ||    29
  Use: Scroll            |     7 |     5 |     3 ||    15
       Potion            |       |     1 |     7 ||     8
 Stab: Sleeping          |     1 |     4 |     3 ||     8
  Eat: Chunk             |     2 |     5 |    17 ||    24
       Fruit             |       |       |     5 ||     5
       Meat ration       |       |       |     1 ||     1
Armor: Skin              |    47 |    59 |   270 ||   376
Dodge: Dodged            |    79 |   126 |   375 ||   580
